 Dungeon Crawl Stone Soup version 0.28.0-53-g5a82cb258f (webtiles) character file.

Game seed: 273671737059055740

9616 Metae the Fighter (level 11, -1/104 HPs)
             Began as a Minotaur Fighter on July 9, 2022.
             Was a Priest of Trog.
             Slain by a cane toad (6 damage)
             ... on level 8 of the Dungeon.
             The game lasted 00:52:47 (11758 turns).

Metae the Fighter (Minotaur Fighter)               Turns: 11758, Time: 00:52:47

Health: -1/104     AC: 17    Str: 25    XL:     11   Next: 25%
Magic:  19/19      EV:  8    Int:  5    God:    Trog [***...]
Gold:   660        SH:  5    Dex: 10    Spells: 10/10 levels left

rFire   . . .      SeeInvis .   a - +0 morningstar (drain)
rCold   + . .      Faith    .   N - orb {mayhem}
rNeg    . . .      Spirit   .   C - +0 chain mail
rPois   +          Reflect  +   s - +1 hat
rElec   .          Harm     .   v - +0 cloak
rCorr   .          Rampage  .   m - +0 pair of gloves
Will    ++...                   i - +0 pair of boots
Stlth   ..........              g - amulet of reflection
HPRegen 1.27/turn               h - ring "Yvadudwi" {rPois MP+9}
MPRegen 0.16/turn               k - ring of protection from cold

@: strong-willed, regenerating
A: horns 2, retaliatory headbutt
a: Renounce Religion, Berserk, Trog's Hand


You were on level 8 of the Dungeon.
You worshipped Trog.
Trog was most pleased with you.
You visited 2 branches of the dungeon, and saw 10 of its levels.
You also visited: Sewer.

You collected 660 gold pieces.

Inventory:

Hand Weapons
 a - a +0 morningstar of draining (weapon)
 b - a +2 hunting sling of freezing
 D - a +2 whip of draining
Missiles
 A - 258 stones (quivered)
 G - 37 sling bullets
 K - a throwing net
Armour
 c - a +0 buckler
 i - a +0 pair of boots (worn)
 m - a +0 pair of gloves (worn)
 s - a +1 hat (worn)
 v - a +0 cloak (worn)
 C - a +0 chain mail (worn)
 N - an orb of mayhem (worn)
Jewellery
 g - an amulet of reflection (around neck)
 h - the ring "Yvadudwi" (left hand) {rPois MP+9}
   (You found it on level 2 of the Dungeon)

   [ring of poison resistance]

   rPois:     It protects you from poison.
   MP:        It affects your magic capacity (+9).
 k - a ring of protection from cold (right hand)
 L - an amulet of faith
 Q - a ring of protection from cold
Wands
 q - a wand of flame (8)
 w - a wand of acid (5)
 I - a wand of paralysis (20)
 M - a wand of polymorph (9)
 O - a wand of mindburst (13)
Scrolls
 f - 3 scrolls of immolation
 o - 2 scrolls of blinking {unknown}
 p - 2 scrolls of teleportation {unknown}
 r - 2 scrolls of fog {unknown}
 x - a scroll of magic mapping {unknown}
 y - 2 scrolls of amnesia {unknown}
 B - 2 scrolls of torment
 E - a scroll of enchant armour {unknown}
 J - 2 scrolls of enchant weapon
 R - 2 scrolls of fear {unknown}
Potions
 d - 3 potions of might
 e - 4 potions of mutation
 j - 2 potions of ambrosia
 l - 4 potions of degeneration
 n - 3 potions of lignification {unknown}
 u - 2 potions of curing
 z - 2 potions of resistance {unknown}
 F - a potion of haste {unknown}
 H - 3 potions of brilliance
 P - a potion of berserk rage {unknown}
Miscellaneous
 t - a box of beasts


   Skills:
 + Level 11.7 Fighting
 - Level 3.7(7.7) Axes
 + Level 10.6(10.9) Maces & Flails
 + Level 6.3 Slings
 - Level 10.2 Armour
 - Level 3.6 Shields
 + Level 6.0 Evocations


You had 10 spell levels left.
You didn't know any spells.
Your spell library contained the following spells:

 Spells                   Type           Power      Damage    Failure   Level
 Ensorcelled Hibernation  Hex/Ice        0%         N/A       99%         2
 Passwall                 Tmut/Erth      0%         N/A       99%         2
 Swiftness                Air            0%         N/A       100%        3


Dungeon Overview and Level Annotations

Branches:
Dungeon (9/15)             Temple (0/1) D:7            Lair (1/6) D:8
  Sewer (visited)
    Orc: D:9-12

Altars:
Ashenzari
Cheibriados
Makhleb
Nemelex Xobeh
Okawaru
Qazlal
Ru
Trog
The Shining One

Shops:
D:3 (   D:6 (

Annotations:
D:9 1 runed translucent door


Innate Abilities, Weirdness & Mutations

You have a pair of horns on your head.
You reflexively headbutt those who attack you in melee.


Message History

A yak comes into view.
You feel very sick.
There is a staircase back to the Dungeon here.
You feel very sick.
The cane toad stings you but does no damage.
The cane toad barely misses you. You furiously retaliate!
You headbutt the cane toad. The cane toad completely misses you.
You climb upwards.
Welcome back to the Dungeon!
You feel very sick.
There is a staircase to the Lair here.
You barely miss the cane toad.
You headbutt the cane toad, but do no damage.
You feel sick. The cane toad stings you!
* * * LOW HITPOINT WARNING * * *
You block the cane toad's attack.
You feel better.
The sentinel's mark upon you fades away.
The cane toad closely misses you.
The cane toad stings you but does no damage.
Your skin crawls.
You feel strong-willed.
The cane toad stings you but does no damage.
You block the cane toad's attack.
You hit the cane toad but do no damage. You drain the cane toad.
Your headbutt misses the cane toad.
The cane toad is almost dead.
The cane toad stings you.
* * * LOW HITPOINT WARNING * * *
The cane toad stings you!
* * * LOW HITPOINT WARNING * * *
The cane toad barely misses you. You furiously retaliate!
You headbutt the cane toad.
You kill the cane toad!
Trog accepts your kill.
Your Evocations skill increases to level 6!
You puncture the cane toad! You drain the cane toad.
Your headbutt misses the cane toad.
The cane toad is heavily wounded.
The cane toad stings you.
You die...

#.##.#.##.#.###
#.##..........###
####...............#
#...........####.#.#
#.##[....##.# #.#.#
#.##.....##.# #.#>#
#.##...#.##.# #.#.#
#.##†..#.##.####...##
#.##@F...............
#.##)#...#...........
#.#....#....####.#..#
#.#(......#.# #.#..#
#..........<# #.#..#
######.#.#######.....
#..............#
###########.####
#.####


You could see a cane toad (drained).

Vanquished Creatures
  A hydra (Lair:1)
  2 two-headed ogres (D:9)
  Pikel (D:7)
  2 cane toads
  2 kobold demonologists (D:9)
  A troll (D:5)
  A yak (D:9)
  The ghost of Legadrian the Skirmisher, an amateur GrFi (D:4)
  3 water moccasins
  A sky beast (D:7)
  4 orc warriors
  A hornet zombie (D:8)
  2 ice beasts
  3 necrophages
  6 ogres
  5 centaurs
  A phantom (D:4)
  2 lemures (D:7)
  3 kobold brigands
  5 bullfrogs
  2 scorpions (D:5)
  2 wyvern zombies
  A wyvern skeleton (D:7)
  3 water moccasin skeletons (D:4)
  5 killer bees (D:4)
  2 wights
  2 howler monkeys (D:9)
  A centaur zombie (D:9)
  4 hounds
  2 jellies (D:7)
  Crazy Yiuf (D:3)
  4 gnoll shamans
  8 orc priests
  2 centaur skeletons
  5 iguanas
  11 orc wizards
  A killer bee zombie (D:4)
  A hound zombie (D:5)
  A howler monkey zombie (D:8)
  16 gnolls
  12 adders
  5 river rats (D:3)
  4 white imps
  An adder skeleton (D:4)
  4 worms
  5 dart slugs
  49 orcs
  8 endoplasms
  4 giant cockroaches
  9 goblins
  14 hobgoblins
  7 jackals
  13 kobolds
  12 quokkas
  3 training dummies (D:6)
  11 ball pythons
  6 bats
  13 frilled lizards
  8 rats
309 creatures vanquished.

Vanquished Creatures (collateral kills)
  A cane toad (Lair:1)
  A komodo dragon (Lair:1)
  2 wights (D:9)
  An orc (D:9)
  A kobold (D:9)
6 creatures vanquished.

Vanquished Creatures (others)
  A gnoll (D:8)
  A kobold (D:9)
  A fungus (Lair:1)
  2 plants
5 creatures vanquished.

Grand Total: 320 creatures vanquished

Notes
Turn   | Place    | Note
-------+----------+-------------------------------------------
     0 | D:1      | Metae the Minotaur Fighter began the quest for the Orb.
     0 | D:1      | Reached XP level 1. HP: 19/19 MP: 0/0
    46 | D:1      | Reached skill level 4 in Fighting
    46 | D:1      | Reached XP level 2. HP: 24/27 MP: 1/1
   111 | D:1      | Found a faded altar of an unknown god.
   469 | D:1      | Reached XP level 3. HP: 32/34 MP: 2/2
   761 | D:2      | Identified the ring "Yvadudwi" {rPois MP+9}
  1739 | D:3      | Found Wucvod's Antique Weapon Emporium.
  2157 | D:3      | Reached XP level 4. HP: 41/41 MP: 3/3
  2171 | D:3      | Found a runed translucent door.
  2172 | D:3      | Noticed Crazy Yiuf
  2301 | D:3      | Reached skill level 1 in Maces & Flails
  2303 | D:3      | Reached skill level 5 in Fighting
  2323 | D:3      | Found a glowing drain.
  2329 | Sewer    | Entered a sewer
  2555 | Sewer    | Reached XP level 5. HP: 32/48 MP: 4/4
  2896 | Sewer    | Reached skill level 5 in Armour
  2898 | Sewer    | Reached skill level 6 in Fighting
  2898 | Sewer    | Reached XP level 6. HP: 19/57 MP: 5/5
  3548 | D:3      | Killed Crazy Yiuf
  3740 | D:4      | Found a runed translucent gate.
  3741 | D:4      | Found a runed translucent gate.
  3746 | D:4      | Found a runed translucent gate.
  3865 | D:4      | Reached XP level 7. HP: 64/64 MP: 6/6
  3896 | D:4      | Noticed Legadrian's ghost (amateur GrFi)
  4211 | D:4      | Reached skill level 7 in Fighting
  4211 | D:4      | Reached skill level 5 in Maces & Flails
  4561 | D:4      | Found a sparkling altar of Nemelex Xobeh.
  4609 | D:4      | Reached skill level 1 in Slings
  4669 | D:4      | Reached XP level 8. HP: 26/73 MP: 7/7
  5363 | D:4      | Reached skill level 8 in Fighting
  5916 | D:4      | Killed Legadrian's ghost
  6079 | D:5      | Entered Level 5 of the Dungeon
  6115 | D:5      | Found a bloodstained altar of Trog.
  6139 | D:5      | Became a worshipper of Trog the Wrathful
  6167 | D:5      | Reached XP level 9. HP: 82/82 MP: 8/8
  6408 | D:5      | Reached skill level 1 in Evocations
  6439 | D:5      | Noticed a troll
  6445 | D:5      | Killed a troll
  6446 | D:5      | Reached skill level 9 in Fighting
  7114 | D:6      | Reached * piety under Trog
  7233 | D:6      | Found a snail-covered altar of Cheibriados.
  7335 | D:6      | Found Irroih's Firing Range.
  8100 | D:7      | Reached ** piety under Trog
  8106 | D:7      | Noticed Pikel
  8124 | D:7      | Killed Pikel
  8125 | D:7      | Reached skill level 10 in Fighting
  8125 | D:7      | Reached XP level 10. HP: 69/93 MP: 9/9
  8360 | D:7      | Found a staircase to the Ecumenical Temple.
  9135 | D:7      | Found a glowing golden altar of the Shining One.
  9471 | D:8      | Found a staircase to the Lair.
  9496 | D:8      | Reached skill level 10 in Armour
  9586 | D:8      | Found a sacrificial altar of Ru.
  9670 | D:8      | Found an iron altar of Okawaru.
  9764 | D:8      | Reached *** piety under Trog
 10801 | D:9      | Identified the +1 leather armour "Hedeluk" {Will++ Stlth-}
 10863 | D:9      | Found a stormy altar of Qazlal.
 10922 | D:9      | Noticed a two-headed ogre
 10937 | D:9      | Killed a two-headed ogre
 10938 | D:9      | Reached skill level 5 in Slings
 10938 | D:9      | Reached skill level 5 in Evocations
 11084 | D:9      | Noticed a rust devil
 11085 | D:9      | Reached skill level 11 in Fighting
 11103 | D:9      | Reached skill level 10 in Maces & Flails
 11115 | D:9      | Found a broken altar of Ashenzari.
 11218 | D:9      | Noticed a two-headed ogre
 11223 | D:9      | Killed a two-headed ogre
 11309 | D:9      | Reached XP level 11. HP: 102/102 MP: 10/10
 11345 | D:9      | Found a runed translucent door.
 11352 | D:9      | Found a burning altar of Makhleb.
 11352 | D:9      | Noticed a sixfirhy
 11719 | Lair:1   | Entered Level 1 of the Lair of Beasts
 11732 | Lair:1   | Noticed an eight-headed hydra
 11741 | Lair:1   | Killed an eight-headed hydra
 11757 | D:8      | HP: 4/104 [cane toad (9)]
 11758 | D:8      | Slain by a cane toad

Illustrated notes

Levels and vault maps discovered:
D:1:      minmay_arrival_semitransparent, layout_rooms,
          hellmonk_ecumenical_altar_crossroads, chequers_big_river, st_stairs_7,
          minmay_pentomino_p4
D:2:      layout_loops_corners
D:3:      layout_basic, serial_shops, nicolae_square_shop,
          lightli_sewer_entry_pipes, uniq_crazy_yiuf_cottage
D:4:      minmay_thinvault, layout_rooms, kennysheep_little_box,
          gammafunk_ghost_necromancy
D:5:      cheibrodos_thug_alley, layout_basic, mainiacjoe_overflow_boulevard,
          minmay_misc_feat_cross, minmay_small_thing
D:6:      minmay_klotski, layout_loops_ring, kennysheep_slug_shrine,
          nicolae_shop_firing_range
D:7:      layout_loops_ring, lemuel_tele_altar, minmay_temple_entry_trees,
          minmay_fractal_squares_diagonal_5, uniq_pikel
D:8:      layout_loops_ring, mainiacjoe_overflow_surrounded_room,
          hangedman_ru_absence, grunt_decor_arrowhead
D:9:      layout_roguey, mainiacjoe_overflow_paths, ashenzari_altar_1,
          nzn_makhleb_speed_demon, st_stairs_3
Lair:1:   layout_chaotic_city, portal_ice_cave_entry_imps

Skill      XL: |  1  2  3  4  5  6  7  8  9 10 11 |
---------------+----------------------------------+-----
Fighting       | 4 5 6 7 8 10 11 | 11.7
Axes           | 3 |  3.7
Maces & Flails | 2 3 4 5 7 8 10 | 10.6
Armour         | 4 5 6 8 9 10 | 10.2
Slings         | 1 4 5 6 |  6.3
Evocations     | 3 5 6 |  6.0
Shields        | |  3.6

Action                   |  1- 3 |  4- 6 |  7- 9 | 10-12 || total
-------------------------+-------+-------+-------+-------++-------
Melee: War axe           |    69 |       |       |       ||    69
       Headbutt          |    14 |    16 |    57 |    38 ||   125
       Whip              |    19 |   187 |    95 |       ||   301
       Morningstar       |       |       |   248 |   205 ||   453
 Fire: Hunting sling     |       |       |     2 |     9 ||    11
Throw: Stone             |       |       |     2 |     2 ||     4
Invok: Trog's Hand       |       |       |       |     1 ||     1
  Use: Potion            |       |       |     1 |     1 ||     2
       Scroll            |       |       |     4 |     4 ||     8
Armor: Scale mail        |    38 |    77 |   112 |       ||   227
       Chain mail        |       |       |    89 |   131 ||   220
Dodge: Dodged            |    38 |    94 |   149 |    74 ||   355
Block: Buckler           |    34 |   113 |   206 |    14 ||   367
       Reflection        |     2 |     1 |     6 |     3 ||    12
       Orb               |       |       |       |    48 ||    48
